 Dungeon Crawl Stone Soup version 0.31-a0-1098-g6898e6545c (webtiles) character file.

Game seed: 10365552288681227275

105 Bnni the Poker (level 4, -5/41 HPs)
             Began as a Minotaur Fighter on Nov 30, 2023.
             Engulfed by an orc wizard's steam (11 damage)
             ... on level 3 of the Dungeon.
             The game lasted 00:02:57 (2084 turns).

Bnni the Poker (Minotaur Fighter)                   Turns: 2084, Time: 00:02:58

Health: -5/41      AC:  6    Str: 23    XL:     4   Next: 54%
Magic:  3/3        EV:  9    Int:  5    God:
Gold:   144        SH:  4    Dex:  9    Spells: 3/3 levels left

rFire   . . .        a - +0 trident
rCold   . . .        c - +0 buckler
rNeg    . . .        b - +0 scale mail
rPois   .            (helmet restricted)
rElec   .            (no cloak)
rCorr   .            (no gloves)
SInv    .            (no boots)
Will    .....        (no amulet) Stlth
                     (no ring)
HPRegen 0.26/turn    (no ring)
MPRegen 0.08/turn

%: no passive effects
@: very slow
A: horns 2, retaliatory headbutt
a: no special abilities


You were on level 3 of the Dungeon.
You visited 1 branch of the dungeon, and saw 3 of its levels.

You collected 144 gold pieces.

Inventory:

Hand Weapons
 a - a +0 trident (weapon)
Missiles
 f - 9 poisoned darts
Armour
 b - a +0 scale mail (worn)
 c - a +0 buckler (worn)
Wands
 p - a wand of paralysis (4)
Scrolls
 g - 4 scrolls of identify {unknown}
 j - a scroll of fear {unknown}
 m - a scroll of teleportation {unknown}
 n - a scroll of fog {unknown}
 o - a scroll of enchant armour {unknown}
Potions
 d - 2 potions of might
 e - a potion of lignification {unknown}
 h - 2 potions of heal wounds {unknown}
 i - a potion of curing {unknown}
 k - 2 potions of attraction {unknown}
 l - a potion of enlightenment {unknown}


   Skills:
 + Level 4.7 Fighting
 * Level 5.0 Polearms
 - Level 3.6 Armour
 - Level 3.6 Shields


You had 3 spell levels left.
You didn't know any spells.
Your spell library contained the following spells:

 Spells                   Type           Power      Damage    Failure   Level
 Freeze                   Ice            0%         1d3       85%         1
 Lesser Beckoning         Tloc           0%         N/A       94%         2
 Gell's Gravitas          Tloc           0%         N/A       99%         3
 Teleport Other           Tloc           0%         N/A       99%         3
 Summon Ice Beast         Ice/Summ       0%         N/A       100%        4
 Freezing Cloud           Conj/Ice/Air   0%         6-21      100%        5
 Simulacrum               Ice/Necr       0%         N/A       100%        6


Dungeon Overview and Level Annotations

Branches:
Dungeon (3/15)

Altars:
Dithmenos
Hepliaklqana
Sif Muna


Innate Abilities, Weirdness & Mutations

You have a pair of horns on your head.
You reflexively headbutt those who attack you in melee.


Message History

You nearly stumble into some deep water!
You hear some strange, mumbled words.
Something tries to affect you, but you resist.
You nearly stumble into some deep water!
Something hits you.
You're too confused to move!
Something hits you.
You barely miss something. Your headbutt misses something. Something hits you.
You nearly stumble into some deep water!
Something hits you.
You nearly stumble into some deep water!
Something hits you but does no damage.
You nearly stumble into some deep water!
Something hits you but does no damage.
You nearly stumble into some deep water!
You feel less confused. Something hits you.
Your unstable footing causes you to fumble your attack.
Something hits you.
You hit something.
An orc wizard appears from thin air!
Reactivating autopickup.
The orc wizard hits you but does no damage.
You completely miss the orc wizard. Your headbutt misses the orc wizard.
The orc wizard is severely wounded.
The orc wizard hits you but does no damage.
You closely miss the orc wizard.
The orc wizard is severely wounded.
The orc wizard barely misses you.
You closely miss the orc wizard. Your headbutt misses the orc wizard.
The orc wizard is severely wounded.
The orc wizard casts a spell at you. The puff of flame hits you.
Your unstable footing causes you to fumble your attack.
You are engulfed in a cloud of scalding steam.
* * * LOW HITPOINT WARNING * * *
The orc wizard casts a spell at you. You resist with some effort.
You hit the orc wizard.
The orc wizard is almost dead.
You are engulfed in a cloud of scalding steam.
You die...

.....# ####### .....#
#.....#
.....######.###.#
............##..#
...##.......#8)8#
...>#.......#...#
..........###8.8###
#.#.#....##≈≈..o≈≈##
#.#.#...##≈≈~8{8@≈≈##
..#.##..#≈≈≈~#'#~≈≈≈#
.##.##.##≈≈.## ##.≈≈##
.##.##.#≈≈≈.#...#.≈≈≈#
.##.##.##≈≈.#...#.≈≈##
#.#.##..#≈≈.##_##.≈≈#
##..##..##≈≈ ###.≈≈##
#....#...## ≈≈≈##
....#....#### ≈≈###


You could see an orc wizard.

Vanquished Creatures
  An orc priest (D:2)
  2 adders (D:2)
  2 worms (D:2)
  A dart slug (D:2)
  3 orcs
  3 bats
  8 endoplasms
  5 giant cockroaches
  4 goblins
  2 hobgoblins (D:2)
  2 jackals (D:2)
  4 ball pythons
  A frilled lizard (D:2)
  2 kobolds
  7 rats
47 creatures vanquished.

Notes
Turn   | Place    | Note
-------+----------+-------------------------------------------
     0 | D:1      | Bnni the Minotaur Fighter began the quest for the Orb.
     0 | D:1      | Reached XP level 1. HP: 19/19 MP: 0/0
   335 | D:1      | Found a faded altar of an unknown god.
   339 | D:1      | Reached skill level 3 in Polearms
   347 | D:1      | Reached XP level 2. HP: 27/27 MP: 1/1
   753 | D:2      | Reached XP level 3. HP: 33/33 MP: 2/2
   841 | D:2      | Reached skill level 4 in Polearms
   981 | D:2      | Reached XP level 4. HP: 8/41 MP: 3/3
  1153 | D:2      | Got the Vellum of the Deep Freeze
  1655 | D:3      | Found a shadowy altar of Dithmenos.
  1893 | D:3      | Found a hazy altar of Hepliaklqana.
  1926 | D:3      | Reached skill level 5 in Polearms
  2044 | D:3      | Found a shimmering blue altar of Sif Muna.
  2084 | D:3      | Engulfed by an orc wizard's steam

Illustrated notes

Levels and vault maps discovered:
D:1:      tekkud_arrival_beachfront_property, layout_rooms,
          hellmonk_ecumenical_altar_crossroads, kennysheep_boxes
D:2:      cheibrodos_pilgrimage, layout_basic, serial_glass, glass_columns_b,
          glass_columns_a, minmay_3d_cube
D:3:      layout_loops_ring, nicolae_dithmenos_the_darkroom,
          lemuel_crystal_altar, kennysheep_orc_sif_temple,
          uniq_crazy_yiuf_cottage

Skill      XL: |  1  2  3  4 |
---------------+-------------+-----
Polearms       | 3 4 5 |  5.0
Fighting       | 4 |  4.7
Armour         | |  3.6
Shields        | |  3.6

Action                     |  1- 3 |  4- 6 || total
---------------------------+-------+-------++-------
  Melee: Trident           |    79 |    73 ||   152
         Headbutt          |     3 |     3 ||     6
 Armour: Scale mail        |    33 |    42 ||    75
  Dodge: Dodged            |    32 |    13 ||    45
  Block: Buckler           |    12 |     8 ||    20

Table legend: (Time is in decaauts)
 A = Elapsed time spent in this place.
 B = Non-inter-level travel time spent in this place.
 C = Inter-level travel time spent in this place.
 D = Time resting spent in this place.
 E = Time spent auto-exploring this place.
 F = Levels seen in this place.
 G = Mean time per level.
                   A        B        C        D        E       F      G
               +--------+--------+--------+--------+--------+-----+--------+
         Total |   2135 |   2080 |     55 |      0 |   1722 |   3 |  711.7 |
       Dungeon |   2135 |   2080 |     55 |      0 |   1722 |   3 |  711.7 |
               +--------+--------+--------+--------+--------+-----+--------+

Top non-repeatable levels by time:
     D:2: 1044 daAuts
     D:1: 657 daAuts
     D:3: 433 daAuts
